 Dungeon Crawl Stone Soup version 0.31-a0-188-g5e087ee2ca (webtiles) character file.

Game seed: 9317358477302832160

34 qw the Shooter (level 3, -1/20 HPs)
             Began as a Deep Elf Hunter on June 23, 2023.
             Slain by Sigmund
             ... wielding a +0 scythe
              (6 damage)
             ... on level 1 of the Dungeon.
             The game lasted 00:00:24 (600 turns).

qw the Shooter (Deep Elf Hunter)                     Turns: 600, Time: 00:00:25

Health: -1/20      AC:  5    Str: 10    XL:     3   Next: 14%
Magic:  5/5        EV: 11    Int: 13    God:
Gold:   47         SH:  0    Dex: 18    Spells: 2/2 levels left

rFire   . . .        Y - +1 shortbow
rCold   . . .        (shield currently unavailable)
rNeg    . . .        g - +0 ring mail
rPois   .            (no helmet)
rElec   .            (no cloak)
rCorr   .            (no gloves)
SInv    .            (no boots)
Will    .....        (no amulet) Stlth
                     (no ring)
HPRegen 0.23/turn    (no ring)
MPRegen 0.09/turn

%: no passive effects
@: confused
A: no striking features
a: no special abilities


You were on level 1 of the Dungeon.
You visited 1 branch of the dungeon, and saw 2 of its levels.

You collected 47 gold pieces.


   Skills:
 - Level 1.5 Fighting
 + Level 6.7 Ranged Weapons
 - Level 2.4 Dodging
 - Level 1.2 Stealth


You had 2 spell levels left.
You didn't know any spells.
Your spell library was empty.

Inventory:

Hand Weapons
 Y - a +1 shortbow (weapon)
Armour
 g - a +0 ring mail (worn)
Scrolls
 a - 2 scrolls of teleportation
Potions
 b - a potion of brilliance {unknown}
 d - a potion of cancellation {unknown}
 e - a potion of degeneration {unknown}
 i - a potion of haste
 k - a potion of enlightenment {unknown}
 l - a potion of mutation {unknown}

Dungeon Overview and Level Annotations

Branches:
Dungeon (2/15)

Altars:

Shops:
D:1 :

Annotations:
D:1 Sigmund


Message History

Done exploring.
585 ||| READING scroll labelled KADUIPRIAM.
As you read the scroll labelled KADUIPRIAM, it dissolves into smoke.
It was a scroll of fog.
Done exploring.
(D) Dungeon
Where to? (* - list waypoints, Enter - D:2, ? - help)
What level of the Dungeon? (default 1, ? - help)
You climb downwards.
Level annotation: Sigmund Sigmund closely misses you.
There is a stone staircase leading up here.
There are monsters nearby!
You shoot an arrow.
The arrow hits Sigmund but does no damage.
Sigmund is lightly wounded.
Sigmund hits you with a +0 scythe!
589 ||| STAIRDANCE Sigmund gestures at you while chanting.
You are confused.
You climb upwards.
There is a stone staircase leading down here.
591 ||| DRINKING potion of curing.
You feel better.
591 ||| (to cure confusion) Sigmund barely misses you.
You shoot an arrow. The arrow hits Sigmund.
Sigmund is moderately wounded.
You shoot an arrow. The arrow barely misses Sigmund.
Sigmund closely misses you.
You shoot an arrow. The arrow hits Sigmund.
Sigmund is moderately wounded.
Sigmund casts a spell at you.
You are confused.
Sigmund hits you with a +0 scythe! Sigmund hits you with a +0 scythe!
Sigmund barely misses you. Sigmund gestures at you while chanting.
You are more confused.
Sigmund hits you with a +0 scythe.
You die...

#........##.######.###.##..####
#.#..##.....##...#...#....##
.....####.#.............###
....## #...............# ....#
#..#............#
...#######.#.......%....######
........##..#................#
...####%#........#...........#
...# #...###..@@...##.......#
#### ##### ###.....##.......#
##....##.......#
#....##.......# ###############


You could see Sigmund.

Vanquished Creatures
  A dart slug (D:1)
  A ball python (D:2)
  6 bats (D:1)
  3 endoplasms (D:1)
  3 goblins
  7 hobgoblins
  3 jackals (D:1)
  A quokka (D:1)
25 creatures vanquished.

Notes
Turn   | Place    | Note
-------+----------+-------------------------------------------
     0 | D:1      | qw the Deep Elf Hunter began the quest for the Orb.
     0 | D:1      | Reached XP level 1. HP: 12/12 MP: 3/3
     0 | D:1      | 0 ||| qw: Version: 0.3-a-9-g12657ce
     0 | D:1      | 0 ||| qw: Game counter: 3121
     0 | D:1      | 0 ||| qw: Always use a shield: true
     0 | D:1      | 0 ||| qw: God list: Okawaru
     0 | D:1      | 0 ||| qw: Allow faded altars: false
     0 | D:1      | 0 ||| qw: Do Orc after D:15 true
     0 | D:1      | 0 ||| qw: Do second Lair branch before Depths: true
     0 | D:1      | 0 ||| qw: Lair rune preference: random
     0 | D:1      | 0 ||| qw: Plans: Normal
     0 | D:1      | 0 ||| PLANNING D:1-11
    31 | D:1      | 31 ||| FLEEEEING.
    65 | D:1      | Reached XP level 2. HP: 16/16 MP: 4/4
    80 | D:1      | Reached skill level 6 in Ranged Weapons
   291 | D:1      | Found Xaveffim's Book Shop.
   369 | D:1      | Reached XP level 3. HP: 20/20 MP: 5/5
   444 | D:1      | 444 ||| UPGRADING to +0 ring mail.
   454 | D:1      | 454 ||| DROPPING +0 leather armour.
   455 | D:1      | 455 ||| READING 3 scrolls labelled KANLOGOCZO.
   459 | D:1      | 459 ||| READING scroll labelled UFFEGO KOCKEIG.
   460 | D:1      | 460 ||| READING scroll labelled NOZYES VAJIFUO.
   461 | D:1      | 461 ||| READING scroll labelled IZOCEMAADE.
   462 | D:1      | 462 ||| DRINKING 2 glowing cyan potions.
   463 | D:1      | 463 ||| DRINKING 2 golden potions.
   464 | D:1      | 464 ||| DROPPING scroll of butterflies.
   547 | D:2      | Noticed Sigmund
   556 | D:2      | 556 ||| FLEEEEING.
   557 | D:2      | 557 ||| FLEEEEING.
   558 | D:2      | 558 ||| STAIRDANCE
   585 | D:1      | 585 ||| READING scroll labelled KADUIPRIAM.
   589 | D:2      | 589 ||| STAIRDANCE
   591 | D:1      | 591 ||| DRINKING potion of curing.
   591 | D:1      | 591 ||| (to cure confusion)
   596 | D:1      | HP: 4/20 [Sigmund/+0 scythe (9)]
   600 | D:1      | Slain by Sigmund

Levels and vault maps discovered:
D:1:      lemuel_arrival_broad_hall, layout_rooms, serial_shops, shop,
          eino_curves_01
D:2:      layout_rooms, hellmonk_ecumenical_altar_pennies_from_heaven,
          dreamdust_wishing_well, amcnicky_mini_corridor_feature, uniq_robin,
          uniq_sigmund

Skill      XL: |  1  2 |
---------------+-------+-----
Ranged Weapons | 6 |  6.7
Fighting       | |  1.5
Dodging        | |  2.4
Stealth        | |  1.2

Action                     || total
---------------------------++-------
   Fire: Shortbow          ||    68
    Use: Scroll            ||     5
         Potion            ||     3
 Armour: Leather armour    ||     1
  Dodge: Dodged            ||    15

Table legend:
 A = Non-vault XP
 B = Vault XP
 C = Vault XP percentage of total XP
 D = Non-vault monster count
 E = Vault monster count
 F = Vault count percentage of total count
                 A         B        C        D         E       F
            +---------+---------+-------+---------+---------+-------
      Total |      49 |       0 |   0.0 |      25 |       0 |   0.0
            +---------+---------+-------+---------+---------+-------
        D:1 |      43 |       0 |   0.0 |      22 |       0 |   0.0
        D:2 |       6 |       0 |   0.0 |       3 |       0 |   0.0
            +---------+---------+-------+---------+---------+-------
